 Dungeon Crawl Stone Soup version 0.28.0-43-g3370ac3207 (webtiles) character file.

Game seed: 2901649002366261454

6293 croobank the Arsonist (level 10, -3/75 HPs)
             Began as a Red Draconian Fire Elementalist on Mar 29, 2022.
             Was a Follower of Hepliaklqana.
             Slain by a centaur warrior (10 damage)
             ... on level 11 of the Dungeon.
             The game lasted 00:35:46 (9427 turns).

croobank the Arsonist (DrFE)                        Turns: 9427, Time: 00:35:46

Health: -3/75      AC: 11    Str: 14    XL:     10   Next: 63%
Magic:  19/19      EV: 20    Int: 18    God:    Hepliaklqana [*.....]
Gold:   662        SH:  5    Dex: 20    Spells: 8/22 levels left

rFire   + . .      SeeInvis +   a - +8 whip of Stained Responsibility {drain, Fragile rElec rCorr Stlth+}
rCold   + . .      Faith    .   (no shield)
rNeg    . . .      Spirit   .   (armour unavailable)
rPois   .          Reflect  +   (helmet restricted)
rElec   +          Harm     .   D - +1 cloak
rCorr   +          Rampage  .   t - +0 pair of gloves
Will    +....                   d - +0 pair of boots
Stlth   +++++.....              E - amulet of reflection
HPRegen 0.22/turn               g - ring "Juonn" {Contam rC+ Will+ Dex+8 SInv}
MPRegen 0.16/turn               B - +4 ring of evasion

@: short of breath
A: reduced essence, breathe fire, AC +7, unfitting armour, fire resistance 1,
cold-blooded, hooves 1, strong 1
a: Breathe Fire, Renounce Religion, Recall Ancestor, Ancestor Identity


You were on level 11 of the Dungeon.
You worshipped Hepliaklqana.
Hepliaklqana was aware of your devotion.
You visited 2 branches of the dungeon, and saw 12 of its levels.
You also visited: Ossuary.

You collected 662 gold pieces.

Inventory:

Hand Weapons
 a - the +8 whip of Stained Responsibility (weapon) {drain, Fragile rElec rCorr Stlth+}
   (You found it on level 1 of the Dungeon)

   A truly terrible weapon, it drains the life of any living foe it strikes.
   rElec:     It insulates you from electricity.
   rCorr:     It protects you from acid and corrosion.
   Fragile:   It will be destroyed if unequipped.
   Stlth:     It makes you more stealthy.
 b - a +0 broad axe of draining
 e - a +0 scimitar of flaming
 m - a +2 vampiric dagger
 x - a +0 battleaxe of venom
 C - a +0 arbalest
 X - a +0 antimagic whip
 Y - the +8 trident of Bloodstone {vorpal, *Noise rC+++ MP-9 Dex+8}
   (You took it off an orc on level 9 of the Dungeon)

   It inflicts extra damage upon your enemies.
   Dex:       It affects your dexterity (+8).
   rC:        It renders you almost immune to cold.
   MP:        It affects your magic capacity (-9).
   *Noise:    It may make noises in combat.
 Z - a +4 morningstar of chaos
Missiles
 h - 24 bolts
 k - 6 boomerangs
 q - 3 datura-tipped darts (quivered)
 u - 4 atropa-tipped darts
 M - 2 throwing nets
 S - 2 javelins
Armour
 d - a +0 pair of boots (worn)
 t - a +0 pair of gloves (worn)
 w - an orb of wrath
 D - a +1 cloak (worn)
Jewellery
 g - the ring "Juonn" (left hand) {Contam rC+ Will+ Dex+8 SInv}
   (You acquired it on level 11 of the Dungeon)

   [ring of see invisible]

   Dex:       It affects your dexterity (+8).
   rC:        It protects you from cold.
   SInv:      It lets you see invisible.
   Contam:    It causes magical contamination when unequipped.
   Will:      It increases your willpower.
 l - a +4 ring of slaying
 y - a ring of resist corrosion
 B - a +4 ring of evasion (right hand)
 E - an amulet of reflection (around neck)
 K - a ring of positive energy
Wands
 N - a wand of digging (8)
 O - a wand of mindburst (9)
 P - a wand of acid (7)
 T - a wand of polymorph (9)
 V - a wand of flame (14)
Scrolls
 f - a scroll of fear
 i - 12 scrolls of teleportation
 n - a scroll of torment {unknown}
 o - a scroll of enchant armour {unknown}
 v - 2 scrolls of immolation {unknown}
 J - a scroll of acquirement
 L - 2 scrolls of identify
 Q - a scroll of magic mapping
 R - 3 scrolls of blinking
 U - a scroll of fog {unknown}
 W - 2 scrolls of amnesia {unknown}
Potions
 c - 6 potions of curing
 j - 4 potions of mutation
 p - a potion of cancellation
 r - 3 potions of brilliance
 s - 3 potions of resistance
 z - a potion of might
 A - 2 potions of berserk rage
 G - 4 potions of haste
 H - 5 potions of heal wounds
 I - a potion of attraction


   Skills:
 + Level 6.9 Fighting
 + Level 6.2 Dodging
 + Level 6.8 Stealth
 + Level 6.5 Spellcasting
 + Level 6.5 Conjurations
 + Level 8.8 Fire Magic


You had 8 spell levels left.
You knew the following spells:

 Your Spells              Type           Power      Damage    Failure   Level
a - Foxfire               Conj/Fire      100%       2x1d9     1%          1
b - Scorch                Fire           74%        2d9       1%          2
c - Flame Wave            Conj/Fire      33%        2d8       4%          4
d - Slow                  Hex            20%        N/A       12%         1
e - Stone Arrow           Conj/Erth      34%        3d9       9%          3
f - Confusing Touch       Hex            5%         N/A       34%         3

Your spell library contained the following spells:

 Spells                   Type           Power      Damage    Failure   Level
 Conjure Flame            Conj/Fire      33%        6-21      1%          3
 Inner Flame              Hex/Fire       21%        N/A       5%          3
 Beastly Appendage        Tmut           10%        N/A       12%         1
 Wereblood                Tmut           5%         N/A       17%         2
 Spider Form              Tmut/Pois      5%         N/A       34%         3
 Vampiric Draining        Necr           5%         2d6       34%         3
 Cause Fear               Hex            2%         N/A       75%         4
 Discord                  Hex            2%         N/A       100%        8
 Lehudib's Crystal Spear  Conj/Erth      8%         10d4      100%        8
 Animate Armour           Summ/Erth      Unusable   N/A       N/A         4

Dungeon Overview and Level Annotations

Branches:
Dungeon (11/15)            Temple (1/1) D:5         Ossuary (visited)
   Lair: D:8-11         Orc: D:9-12

Altars:
Ashenzari
Cheibriados
Dithmenos
Elyvilon
Fedhas
Gozag
Hepliaklqana
Kikubaaqudgha
Makhleb
Nemelex Xobeh
Okawaru
Qazlal
Ru
Sif Muna
Trog
Uskayaw
Vehumet
Wu Jian
Xom
Yredelemnul
Zin
The Shining One

Shops:
D:11 *

Annotations:
D:6 2 transporters, experimilk's ghost, novice PaAK


Innate Abilities, Weirdness & Mutations

Your life essence is reduced to manifest your ancestor. (-10% HP)
You can breathe blasts of fire.
Your fiery red scales are hard. (AC +7)
You cannot fit into any form of body armour.
Your flesh is heat resistant. (rF+)
You are cold-blooded and may be slowed by cold attacks.
You have large cloven feet.
Your muscles are strong. (Str +2)


Message History

You tail-slap the boulder beetle, but do no damage.
The boulder beetle is lightly wounded.
Dagmar hits the boulder beetle but does no damage.
You block the boulder beetle's attack.
The boulder beetle bites Dagmar!
You hit the boulder beetle but do no damage.
You drain the boulder beetle.
The boulder beetle is lightly wounded.
Dagmar hits the boulder beetle but does no damage.
The boulder beetle closely misses you.
The boulder beetle bites Dagmar!!
Dagmar is destroyed!
You hit the boulder beetle. You drain the boulder beetle.
The boulder beetle is lightly wounded.
The boulder beetle barely misses you.
The centaur warrior wields a +0 longbow.
The centaur warrior shoots an arrow.
The arrow hits you!
Unknown command.
You whack the boulder beetle!
The boulder beetle is moderately wounded.
The boulder beetle leaps!
The boulder beetle barely misses you.
The centaur warrior shoots an arrow.
The arrow hits you!!
You hit the boulder beetle but do no damage.
You tail-slap the boulder beetle, but do no damage.
The boulder beetle is moderately wounded.
The centaur warrior shoots an arrow.
You reflect the arrow off an invisible shield around you!
The arrow hits the boulder beetle!!
The boulder beetle closely misses you.
The centaur warrior shoots an arrow.
The arrow hits you!!
* * * LOW HITPOINT WARNING * * *
You hit the boulder beetle but do no damage.
The boulder beetle is severely wounded.
The boulder beetle completely misses you.
The centaur warrior shoots an arrow.
The arrow barely misses you.
The arrow hits the boulder beetle but does no damage.
You block the boulder beetle's attack.
A centaur warrior comes into view.
The centaur warrior unwields a +0 longbow.
The centaur warrior hits you!
* * * LOW HITPOINT WARNING * * *
The centaur warrior misses you. The centaur warrior hits you!
You die...

..###.#.# #.....#.# #
#..##.#.#
O.##.##..##.#.#
c.cB.○c..##.#.#
#..##.#(#
#O.##'#.####
##Bc#.<.....#
##B@c#R......#
#....'.......#
#..####..[....#######
....# #.......8.∩.<.8
#### #..............
###############


You could see 2 boulder beetles, 3 centaur warriors and an ogre mage.

Vanquished Creatures
  Harold (D:7)
  Erica (D:9)
  Maurice (D:8)
  Maggie (D:9)
  An efreet (D:10)
  A wraith (D:10)
  Grum (D:8)
  Menkaure (D:6)
  An acid dragon (D:10)
  A water moccasin (D:8)
  A hornet zombie (D:7)
  A sky beast (D:6)
  5 orc warriors
  A black bear (D:8)
  A necrophage (D:5)
  4 wolves (D:8)
  2 ogres
  2 centaurs
  A phantom (D:6)
  2 bullfrogs (D:7)
  3 scorpions
  A wyvern skeleton (D:6)
  5 wights (D:10)
  5 killer bees (D:8)
  A howler monkey (D:6)
  A bullfrog zombie (D:6)
  4 centaur zombies
  A jelly (D:5)
  A bullfrog skeleton (D:5)
  A gnoll shaman (D:8)
  7 orc priests
  A hound (D:6)
  A centaur skeleton (D:7)
  4 iguanas
  8 orc wizards
  A scorpion zombie (D:5)
  A killer bee zombie (D:7)
  4 mummies (Ossuary)
  A howler monkey zombie (D:10)
  3 gnolls (D:3)
  10 adders
  2 white imps (D:7)
  An adder skeleton (D:4)
  2 dart slugs (D:2)
  44 orcs
  5 ball pythons
  9 endoplasms
  5 giant cockroaches
  5 gnoll zombies (Ossuary)
  10 goblins
  8 hobgoblins
  7 jackals
  4 kobolds
  4 quokkas
  5 bats
  8 frilled lizards
  7 gnoll skeletons (Ossuary)
  3 goblin skeletons (Ossuary)
  4 goblin zombies (Ossuary)
  3 hobgoblin skeletons (Ossuary)
  4 hobgoblin zombies (Ossuary)
  5 kobold skeletons (Ossuary)
  2 kobold zombies (Ossuary)
  3 orc skeletons (Ossuary)
  7 orc zombies (Ossuary)
  2 rats
  4 rat skeletons (Ossuary)
  3 rat zombies (Ossuary)
260 creatures vanquished.

Vanquished Creatures (others)
  An ancestor (D:11)
  An orc wizard (D:7)
  48 foxfires (D:1)
50 creatures vanquished.

Grand Total: 310 creatures vanquished

Notes
Turn   | Place    | Note
-------+----------+-------------------------------------------
     0 | D:1      | croobank the Draconian Fire Elementalist began the quest
                  | for the Orb.
     0 | D:1      | Reached XP level 1. HP: 14/14 MP: 3/3
   123 | D:1      | Reached XP level 2. HP: 19/20 MP: 1/5
   466 | D:1      | Learned a level 2 spell: Scorch
   766 | D:1      | Found a faded altar of an unknown god.
   796 | D:1      | Identified the +8 whip of Stained Responsibility {drain,
                  | Fragile rElec rCorr Stlth+}
   815 | D:1      | Reached XP level 3. HP: 26/26 MP: 6/6
  1520 | D:2      | Reached XP level 4. HP: 34/34 MP: 7/7
  1780 | D:2      | Reached skill level 1 in Fighting
  2541 | D:4      | Reached XP level 5. HP: 40/40 MP: 9/9
  3226 | D:5      | Entered Level 5 of the Dungeon
  3232 | D:5      | Gained mutation: You have large cloven feet. [potion of
                  | mutation]
  3232 | D:5      | Gained mutation: Your muscles are strong. (Str +2) [potion
                  | of mutation]
  3245 | D:5      | Found a staircase to the Ecumenical Temple.
  3271 | D:5      | Reached skill level 4 in Fire Magic
  3271 | D:5      | Reached XP level 6. HP: 48/48 MP: 10/10
  3696 | D:5      | Your scales start taking on a fiery red colour.
  3696 | D:5      | Reached skill level 5 in Fire Magic
  3696 | D:5      | Reached XP level 7. HP: 56/56 MP: 10/12
  3696 | D:5      | Gained mutation: Your flesh is heat resistant. (rF+) [Red
                  | Draconian growth]
  4281 | D:6      | Found a white marble altar of Elyvilon.
  4343 | D:6      | Found a sand-covered staircase.
  4352 | Ossuary  | Entered an ossuary
  4519 | Ossuary  | Reached XP level 8. HP: 66/66 MP: 13/13
  4717 | D:6      | Reached skill level 6 in Fire Magic
  4865 | D:6      | Found a transporter.
  4865 | D:6      | Noticed experimilk's ghost (novice PaAK)
  4882 | D:6      | Found a transporter.
  5024 | D:6      | Learned a level 4 spell: Flame Wave
  5026 | D:6      | Learned a level 1 spell: Slow
  5030 | D:6      | Learned a level 3 spell: Stone Arrow
  5034 | D:6      | Learned a level 3 spell: Confusing Touch
  5070 | D:6      | Noticed Menkaure
  5073 | D:6      | Killed Menkaure
  5114 | D:7      | Noticed Harold
  5127 | D:7      | Killed Harold
  5128 | D:7      | Reached skill level 5 in Stealth
  5451 | D:7      | Reached XP level 9. HP: 66/73 MP: 16/16
  5513 | D:7      | Reached skill level 5 in Fighting
  5517 | D:7      | Reached skill level 5 in Spellcasting
  5585 | D:7      | Reached skill level 7 in Fire Magic
  5938 | D:8      | Reached skill level 5 in Conjurations
  5961 | D:8      | Reached skill level 5 in Dodging
  6096 | D:8      | Noticed Grum
  6112 | D:8      | Killed Grum
  6500 | D:8      | Noticed Maurice
  6519 | D:8      | Killed Maurice
  6524 | D:8      | Reached skill level 8 in Fire Magic
  6757 | D:8      | Reached XP level 10. HP: 61/83 MP: 18/18
  7085 | D:9      | Noticed Erica
  7086 | D:9      | Identified the +8 trident of Bloodstone {vorpal, *Noise
                  | rC+++ MP-9 Dex+8}
  7093 | D:9      | Killed Erica
  7379 | D:9      | Noticed Maggie
  7470 | Temple   | Entered the Ecumenical Temple
  7650 | Temple   | Became a worshipper of Hepliaklqana the Forgotten
  8231 | D:9      | Killed Maggie
  8683 | D:10     | Entered Level 10 of the Dungeon
  8824 | D:10     | Reached * piety under Hepliaklqana
  8946 | D:10     | Identified 2 scrolls of acquirement
  9378 | D:11     | Found Saycopox's General Store.
  9384 | D:11     | Acquired the ring "Juonn" {Contam rC+ Will+ Dex+8 SInv}
  9415 | D:11     | Noticed a centaur warrior
  9415 | D:11     | Noticed a boulder beetle
  9415 | D:11     | Noticed a boulder beetle
  9416 | D:11     | Noticed a centaur warrior
  9416 | D:11     | Noticed an ogre mage
  9427 | D:11     | Noticed a centaur warrior
  9427 | D:11     | Slain by a centaur warrior

Illustrated notes

Levels and vault maps discovered:
D:1:      pf_arrival_petrified_forest, layout_rooms,
          hellmonk_ecumenical_altar_lost_god
D:2:      layout_basic, hangedman_abyss_or_decor_stabs
D:3:      layout_basic
D:4:      layout_loops_ring, minmay_misc_feat_iff
D:5:      layout_basic, minmay_temple_entry_large_hall,
          kennysheep_generic_room_11
D:6:      layout_basic, elyvilon_altar_4, gammafunk_ghost_stat_death,
          nicolae_ossuary_entry_ruins, uniq_menkaure
D:7:      layout_rooms, uniq_harold
D:8:      layout_loops_ring, special_room [special_room_orc],
          kennysheep_generic_room_10, uniq_grum, uniq_maurice
D:9:      layout_long_grid, chequers_serial_rivers_micro_c, uniq_maggie,
          uniq_erica
D:10:     layout_basic
D:11:     minmay_the_grid_octo_2x2 [minmay_the_grid_octo_toaster,
          minmay_the_grid_octo_odd_swirl, minmay_the_grid_octo_checkerflower,
          minmay_the_grid_octo_prize_square_snowflake], layout_basic,
          lair_entry_dummy, serial_shops, shop_statue, uniq_erolcha
Temple:   mainiacjoe_temple_starburst

Skill      XL: |  1  2  3  4  5  6  7  8  9 10 |
---------------+-------------------------------+-----
Stealth        | 2 3 4 5 6 |  6.8
Dodging        | 2 3 4 5 6 |  6.2
Fighting       | 1 2 3 4 6 |  6.9
Conjurations   | 2 3 4 5 6 |  6.5
Spellcasting   | 3 4 5 6 |  6.5
Fire Magic     | 4 5 6 8 |  8.8

Action                   |  1- 3 |  4- 6 |  7- 9 | 10-12 || total
-------------------------+-------+-------+-------+-------++-------
Melee: Short sword       |    23 |       |       |       ||    23
       Tailslap          |     7 |     6 |    36 |    23 ||    72
       Unarmed           |     2 |       |       |       ||     2
       Whip              |    35 |    91 |   315 |   130 ||   571
       Punch             |       |       |     3 |       ||     3
Throw: Dart              |       |       |     1 |       ||     1
 Cast: Foxfire           |    27 |       |       |       ||    27
       Scorch            |     1 |       |       |       ||     1
 Abil: Breathe Fire      |       |       |    11 |     8 ||    19
  Use: Scroll            |       |     5 |    12 |     4 ||    21
       Potion            |       |     1 |       |       ||     1
 Stab: Sleeping          |     6 |     9 |    11 |     5 ||    31
Armor: Skin              |    32 |    18 |    79 |    32 ||   161
Dodge: Dodged            |    46 |    58 |   234 |   126 ||   464
Block: Other             |       |       |       |     5 ||     5
       Reflection        |       |       |       |     1 ||     1
